 Dungeon Crawl Stone Soup version 0.19.0-11-g3fc08b3 (webtiles) character file.

50500 Gargoyl the Corrupter of Planes (level 14, -1/108 HPs)
             Began as a Demonspawn Abyssal Knight on Nov 9, 2016.
             Was the Champion of Lugonu.
             Slain by an elephant (12 damage)
             ... on level 6 of the Lair of Beasts.
             The game lasted 00:43:22 (19817 turns).

Gargoyl the Corrupter of Planes (DsAK)             Turns: 19817, Time: 00:43:23

Health: -1/108     AC: 25    Str: 19    XL:     14   Next: 19%
Magic:  24/24      EV: 13    Int: 16    God:    Lugonu [******]
Gold:   1098       SH:  0    Dex: 21    Spells: 0 memorised, 13 levels left

rFire  . . .     SeeInvis .     a - +6 hand axe (venom)
rCold  . . .     Gourm    .     f - +0 plate armour
rNeg   . . .     Faith    .     (no shield)
rPois  .         Spirit   .     (no helmet)
rElec  .         Reflect  .     J - +2 cloak
rCorr  .         Harm     .     t - +2 pair of gloves
MR     +....                    (boots unavailable)
Stlth  ..........               Q - amulet of regeneration
                                R - +4 ring of dexterity
                                U - +3 ring of strength

@: agile, about to teleport
A: hooves 3, molten scales 1, powered by death 2, powered by pain 2, MP-powered
wands
a: Depart the Abyss, Bend Space, Banish, Corrupt, Enter the Abyss, Brand Weapon
With Distortion, Renounce Religion


You were on level 6 of the Lair of Beasts.
You worshipped Lugonu.
Lugonu was exalted by your worship.
You were hungry.

You visited 2 branches of the dungeon, and saw 18 of its levels.
You visited the Abyss 1 time.
You also visited: Sewer.

You collected 1146 gold pieces.
You spent 48 gold pieces at shops.

Inventory:

Hand Weapons
 a - a +6 hand axe of venom (weapon)
 y - a +1 hand axe of flaming
 E - a +0 war axe
 F - a +0 war axe of chopping
 I - a +0 battleaxe
Missiles
 b - 28 tomahawks (quivered)
Armour
 f - a +0 plate armour (worn)
 t - a +2 pair of gloves (worn)
 J - a +2 cloak (worn)
Jewellery
 n - a +4 amulet of reflection
 q - an uncursed ring of protection from fire
 r - an uncursed ring of protection from fire
 s - an uncursed ring of resist corrosion
 v - an uncursed ring of protection from magic
 L - an uncursed ring of protection from magic
 Q - an amulet of regeneration (around neck)
 R - a +4 ring of dexterity (right hand)
 U - a +3 ring of strength (left hand)
Wands
 e - a wand of iceblast (6/15)
 k - a wand of flame (27/48)
 C - a wand of random effects (12/48)
 D - a wand of slowing (20/48)
 K - a wand of iceblast (10/15)
 P - a wand of acid (6/15)
 T - a wand of paralysis (5/24)
 V - a wand of iceblast (9/15)
Scrolls
 h - a scroll of amnesia
 i - 9 scrolls of remove curse
 j - 7 scrolls of teleportation
 m - 5 scrolls of recharging
 w - 2 scrolls of blinking
 B - a scroll of magic mapping
 H - a scroll of fog
 W - 4 scrolls of identify
Potions
 d - 4 potions of curing
 g - 3 potions of might
 l - 2 potions of haste
 G - 2 potions of magic
Books
 u - a book of Air

   Spells                             Type                      Level
   a - Shock                          Conjuration/Air              1
   b - Swiftness                      Charms/Air                   2
   c - Repel Missiles                 Charms/Air                   2
   d - Static Discharge               Conjuration/Air              3
   e - Lightning Bolt                 Conjuration/Air              5
 A - Piterra's Catalogue of the Shifting Compass
   (You found it on level 4 of the Lair of Beasts)

   Spells                             Type                      Level
   a - Gell's Gravitas                Hexes/Translocation          3
   b - Portal Projectile              Translocation                3
   c - Ice Form                       Ice/Transmutation            4
   d - Passage of Golubria            Translocation                4
   e - Blade Hands                    Transmutation                5
 M - a book of Minor Magic

   Spells                             Type                      Level
   a - Magic Dart                     Conjuration                  1
   b - Blink                          Translocation                2
   c - Call Imp                       Summoning                    2
   d - Repel Missiles                 Charms/Air                   2
   e - Slow                           Hexes                        2
   f - Conjure Flame                  Conjuration/Fire             3
   g - Mephitic Cloud                 Conjuration/Poison/Air       3
Comestibles
 c - 18 bread rations
 o - 10 beef jerkies
 p - 2 slices of pizza
 x - 22 fruits
 z - 2 meat rations
 N - 4 royal jellies
 O - 13 chunks of flesh


   Skills:
 + Level 9.6 Fighting
 + Level 13.2 Axes
 + Level 0.1 Throwing
 * Level 13.5 Armour
 + Level 2.4 Dodging
 * Level 13.7 Invocations


You had 13 spell levels left.
You didn't know any spells.

Dungeon Overview and Level Annotations

Branches:
Dungeon (12/15)            Temple (0/1) D:5            Lair (6/6) D:11
 Shoals (0/4) Lair:3       Spider (0/4) Lair:3        Slime (0/5) Lair:5
    Orc (0/2) D:12

Altars:
Cheibriados
Fedhas
Gozag
Kikubaaqudgha
Makhleb
Okawaru
Ru
Sif Muna
Trog
Xom
The Shining One

Shops:
D:9 *

Annotations:
D:11 Sonja


Innate Abilities, Weirdness & Mutations

You have hooves in place of feet.
You are partially covered in molten scales. (AC +2)
You regenerate health from kills.
You sometimes gain power by taking damage.
You expend magic power (3 MP) to strengthen your wands.


Message History

You feel agile all of a sudden. The elephant tramples you.
* * * LOW HITPOINT WARNING * * *
You hold your ground!
The elephant trunk-slaps you but does no damage.
You hit the elephant but do no damage.
The elephant looks as sick as possible!
You kick the elephant, but do no damage.
The elephant is moderately wounded.
You hit the catoblepas but do no damage.
You hit the plant.
The plant is poisoned.
You hit the elephant. The elephant misses you.
The elephant trunk-slaps you but does no damage.
The catoblepas barely misses you.
As you read the scroll of teleportation, it crumbles to dust.
You feel strangely unstable. The elephant tramples you!
* * * LOW HITPOINT WARNING * * *
You hold your ground!
The elephant trunk-slaps you.
* * * LOW HITPOINT WARNING * * *
The elephant tramples you!
You die...

##.......####.P
###..............
##...÷...P..P##...
##P.....P.########.
#....P##### ##
##...### # #....# #
#.YP## #YY@# #YY## #
#†## # #†# ##
#..÷.Y... ###.
P.÷Y÷.... ###.♣.
#....###.. ###.....
..P....#######......#
###.P##....Y.§§..÷..##


You could see a catoblepas and 4 elephants.

Vanquished Creatures
  Kirke (Lair:6)
  The ghost of Morrissey the Unseen, a journeyman SpEn of Sif Muna (Lair:6)
  4 hydras
  5 death yaks (Lair:6)
  Urug (Lair:2)
  A hill giant (D:10)
  An orc knight (D:12)
  27 elephants
  A black mamba (Lair:2)
  7 spiny frogs
  5 rime drakes
  6 komodo dragons
  A troll (D:9)
  A merfolk (Lair:3)
  A queen bee (Lair:2)
  9 blink frogs
  A two-headed ogre (D:12)
  13 hippogriffs
  7 dream sheep (Lair:5)
  A wraith (D:12)
  4 wyverns
  2 hogs (Lair:6)
  Eustachio (D:4)
  49 yaks
  3 hungry ghosts
  Grum (D:11)
  2 basilisks
  16 water moccasins
  10 porcupines
  Duvessa (D:6)
  An ice beast (D:10)
  7 orc warriors
  A phantom (D:7)
  7 black bears
  3 eyes of draining
  2 sky beasts
  6 ogres
  8 wolves
  2 necrophages
  14 centaurs
  A big kobold (D:9)
  9 crocodiles
  Blork the orc (D:4)
  8 bullfrogs
  3 gnoll sergeants
  Dowan (D:6)
  A water moccasin zombie (D:10)
  4 scorpions
  A wyvern skeleton (D:12)
  11 killer bees (Lair:2)
  2 howler monkeys (D:10)
  An electric eel (Lair:1)
  4 crimson imps
  8 jellies
  Crazy Yiuf (D:6)
  4 hounds
  15 orc priests
  2 bullfrog skeletons
  10 orc wizards
  2 centaur skeletons
  3 iguanas
  8 worker ants
  A hell rat (D:11)
  2 hound zombies
  A hound skeleton (D:4)
  18 gnolls
  2 worker ant zombies (D:6)
  15 adders
  7 river rats (Sewer)
  A shadow imp (D:10)
  4 oozes
  2 adder skeletons
  6 worms
  6 leopard geckos
  60 orcs
  6 ball pythons
  6 bats
  8 giant cockroaches
  5 hobgoblins
  9 jackals
  4 quokkas
  10 frilled lizards
  10 goblins
  16 kobolds
  18 rats
  A bush (Lair:6)
  3 fungi
  7 plants
562 creatures vanquished.

Vanquished Creatures (others)
  A gargoyle (D:12)
  A human (Lair:6)
  2 orc wizards (D:5)
  4 fungi (Lair:6)
  3 plants
11 creatures vanquished.

Grand Total: 573 creatures vanquished

Notes
Turn   | Place    | Note
-------+----------+-------------------------------------------
     0 | Abyss:1  | Gargoyl the Demonspawn Abyssal Knight began the quest for the Orb.
     0 | Abyss:1  | Reached XP level 1. HP: 18/18 MP: 2/2
    60 | Abyss:1  | Noticed a ynoxinul
    80 | D:1      | Escaped the Abyss
   411 | D:1      | Reached * piety under Lugonu
   540 | D:1      | Gained mutation: You are partially covered in molten scales. (AC +2) [demonic ancestry]
   540 | D:1      | Reached XP level 2. HP: 18/24 MP: 4/4
  1099 | D:2      | Gained mutation: You regenerate a little health from kills. [demonic ancestry]
  1099 | D:2      | Reached XP level 3. HP: 15/29 MP: 5/5
  1261 | D:2      | Found an opulent altar of Gozag.
  1332 | D:2      | Found a burning altar of Makhleb.
  1728 | D:2      | Gained mutation: You have large cloven feet. [demonic ancestry]
  1728 | D:2      | Reached XP level 4. HP: 30/35 MP: 6/6
  2170 | D:2      | Reached skill level 1 in Dodging
  2799 | D:2      | Reached ** piety under Lugonu
  2850 | D:2      | Gained mutation: You have hoof-like feet. [demonic ancestry]
  2850 | D:2      | Reached XP level 5. HP: 41/41 MP: 7/7
  3556 | D:3      | Found a glowing golden altar of the Shining One.
  3907 | D:3      | Reached XP level 6. HP: 44/47 MP: 9/9
  4087 | D:3      | Reached *** piety under Lugonu
  4184 | D:4      | Noticed Blork the orc
  4208 | D:4      | Killed Blork the orc
  4363 | D:4      | Noticed Eustachio
  4399 | D:4      | Killed Eustachio
  4399 | D:4      | Reached skill level 5 in Invocations
  4399 | D:4      | Reached XP level 7. HP: 15/52 MP: 10/10
  4839 | D:4      | Reached skill level 5 in Armour
  4860 | D:4      | Found a sacrificial altar of Ru.
  4881 | D:4      | Reached skill level 5 in Axes
  5293 | D:4      | Found a bloodstained altar of Trog.
  5306 | D:4      | Gained mutation: You sometimes gain a little power by taking damage. [demonic ancestry]
  5306 | D:4      | Reached XP level 8. HP: 57/60 MP: 0/12
  5419 | D:4      | Found an iron altar of Okawaru.
  5524 | D:5      | Entered Level 5 of the Dungeon
  5597 | D:5      | Found a deep blue altar of Sif Muna.
  5640 | D:5      | Found a staircase to the Ecumenical Temple.
  6288 | D:5      | Found a glowing golden altar of the Shining One.
  6288 | D:5      | Found an ancient bone altar of Kikubaaqudgha.
  6383 | D:5      | Found a snail-covered altar of Cheibriados.
  6494 | D:6      | Found a glowing drain.
  6499 | Sewer    | Entered a sewer
  6723 | Sewer    | Reached **** piety under Lugonu
  7117 | D:6      | Found a runed door.
  7186 | D:6      | Noticed Crazy Yiuf
  7193 | D:6      | Killed Crazy Yiuf
  7584 | D:6      | Noticed Duvessa
  7585 | D:6      | Noticed Dowan
  7592 | D:6      | Killed Duvessa
  7599 | D:6      | Killed Dowan
  7599 | D:6      | Reached XP level 9. HP: 64/66 MP: 14/14
  8574 | D:7      | Reached skill level 5 in Fighting
  8825 | D:8      | Reached ***** piety under Lugonu
  9980 | D:9      | Noticed a troll
  9990 | D:9      | Killed a troll
  9990 | D:9      | Gained mutation: You sometimes gain power by taking damage. [demonic ancestry]
  9990 | D:9      | Reached XP level 10. HP: 36/74 MP: 16/16
 10186 | D:9      | Found Jagro's General Store.
 10191 | D:9      | Bought a potion of might for 48 gold pieces
 10690 | D:10     | Entered Level 10 of the Dungeon
 10755 | D:10     | Noticed a hill giant
 11012 | D:10     | Killed a hill giant
 11820 | D:11     | Found a staircase to the Lair.
 11877 | D:11     | Found a blossoming altar of Fedhas.
 12045 | D:11     | Noticed Grum
 12051 | D:11     | Killed Grum
 12057 | D:11     | Gained mutation: You regenerate health from kills. [demonic ancestry]
 12057 | D:11     | Reached XP level 11. HP: 78/83 MP: 18/18
 12114 | D:11     | Reached skill level 10 in Invocations
 12384 | D:11     | Noticed Sonja
 12875 | D:12     | Noticed an orc knight
 12899 | D:12     | Killed an orc knight
 12909 | D:12     | Reached skill level 10 in Axes
 13089 | D:12     | Found a staircase to the Orcish Mines.
 13596 | Lair:1   | Entered Level 1 of the Lair of Beasts
 13703 | Lair:1   | Reached skill level 10 in Armour
 14066 | Lair:1   | Reached ****** piety under Lugonu
 14267 | Lair:1   | You fall through a shaft!
 14556 | Lair:2   | Noticed a four-headed hydra
 14567 | Lair:2   | Killed a one-headed hydra
 14567 | Lair:2   | Reached XP level 12. HP: 89/91 MP: 20/20
 14853 | Lair:2   | Noticed Urug
 14886 | Lair:2   | Killed Urug
 15851 | Lair:3   | Found a hole to the Spider Nest.
 15905 | Lair:3   | Found a shimmering altar of Xom.
 16168 | Lair:3   | Found a staircase to the Shoals.
 16776 | Lair:4   | Gained mutation: You possess an exceptional clarity of mind. [potion of mutation]
 16776 | Lair:4   | Gained mutation: You are frail. (-10% HP) [potion of mutation]
 16776 | Lair:4   | Gained mutation: Your muscles are strong. (Str +2) [potion of mutation]
 16777 | Lair:4   | Gained mutation: You expend magic power (3 MP) to strengthen your wands. [potion of mutation]
 16777 | Lair:4   | Gained mutation: You are dopey. (Int -2) [potion of mutation]
 16777 | Lair:4   | Gained mutation: You are clumsy. (Dex -2) [potion of mutation]
 16779 | Lair:4   | Lost mutation: You possess an exceptional clarity of mind. [potion of cure mutation]
 16779 | Lair:4   | Lost mutation: Your muscles are strong. (Str +2) [potion of cure mutation]
 16779 | Lair:4   | Lost mutation: You are dopey. (Int -2) [potion of cure mutation]
 16779 | Lair:4   | Lost mutation: You are frail. (-10% HP) [potion of cure mutation]
 16779 | Lair:4   | Lost mutation: You are clumsy. (Dex -2) [potion of cure mutation]
 16881 | Lair:4   | Identified Piterra's Catalogue of the Shifting Compass
 16963 | Lair:4   | Noticed a four-headed hydra
 16977 | Lair:4   | Killed a one-headed hydra
 17123 | Lair:4   | Gained mutation: You have hooves in place of feet. [demonic ancestry]
 17123 | Lair:4   | Reached XP level 13. HP: 65/98 MP: 22/22
 17551 | Lair:5   | Found a staircase to the Slime Pits.
 18253 | Lair:6   | Entered Level 6 of the Lair of Beasts
 18294 | Lair:6   | Noticed Morrissey's ghost (journeyman SpEn)
 18563 | Lair:6   | Killed Morrissey's ghost
 18867 | Lair:6   | Noticed Kirke
 18891 | Lair:6   | Killed Kirke
 19287 | Lair:6   | Reached XP level 14. HP: 84/108 MP: 24/24
 19817 | Lair:6   | Slain by an elephant

Skill      XL: |  1  2  3  4  5  6  7  8  9 10 11 12 13 14 |
---------------+-------------------------------------------+-----
Axes           | 2 3 4 5 6 8 9 10 11 12 13 | 13.2
Armour         | 2 3 4 5 6 8 9 10 12 13 | 13.5
Invocations    | 3 4 5 7 8 9 11 12 13 | 13.7
Dodging        | 1 2 |  2.4
Fighting       | 4 5 6 7 8 9 |  9.6
Throwing       | |  0.1

Action                   |  1- 3 |  4- 6 |  7- 9 | 10-12 | 13-15 || total
-------------------------+-------+-------+-------+-------+-------++-------
Melee: Hand axe          |   112 |   383 |   477 |   950 |   508 ||  2430
       Kick              |       |    90 |   152 |   359 |   214 ||   815
       War axe           |       |    23 |       |     5 |       ||    28
Throw: Tomahawk          |       |       |       |     2 |       ||     2
Invok: Depart the Abyss  |     1 |       |       |       |       ||     1
       Banish            |       |       |     2 |     1 |       ||     3
  Use: Scroll            |     4 |     2 |    18 |     8 |     5 ||    37
       Potion            |       |     4 |       |     8 |     5 ||    17
 Stab: Invisible         |       |       |       |       |     4 ||     4
       Petrified         |       |       |       |       |     6 ||     6
       Petrifying        |       |       |       |       |     1 ||     1
  Eat: Chunk             |     3 |     9 |    17 |    23 |     9 ||    61
       Royal jelly       |       |       |     1 |       |       ||     1
       Meat ration       |       |       |       |     4 |       ||     4
       Pizza             |       |       |       |     1 |       ||     1
Armor: Plate armour      |   112 |   423 |   330 |   747 |   567 ||  2179
       Leather armour    |     4 |       |       |       |       ||     4
Dodge: Dodged            |    26 |    80 |    88 |   318 |   284 ||   796
Block: Other             |       |    76 |    85 |    16 |       ||   177
       Reflection        |       |       |     3 |     1 |       ||     4
